 Dungeon Crawl Stone Soup version 0.31-a0-640-g39d97e502b (webtiles) character file.

Game seed: 7292721871427983856

11 GordonOverkill the Sneak (level 2, -4/16 HPs)
             Began as a Vine Stalker Delver on Aug 28, 2023.
             Slain by an iguana (9 damage)
             ... on level 4 of the Dungeon.
             The game lasted 00:00:52 (118 turns).

GordonOverkill the Sneak (Vine Stalker Delver)       Turns: 118, Time: 00:00:52

Health: -4/16      AC:  3    Str: 14    XL:     2   Next: 25%
Magic:  0/3        EV: 11    Int: 10    God:
Gold:   11         SH:  0    Dex: 15    Spells: 1/1 levels left

rFire   . .          .
                       - Unarmed
rCold   . . .        (no shield)
rNeg    . . .        a - +0 leather armour
rPois   .            (no helmet)
rElec   .            (no cloak)
rCorr   .            (no gloves)
SInv    .            (no boots)
Will    .....        (no amulet)
Stlth   +++          k - ring of flight
HPRegen 0.22/turn    (no ring)
MPRegen 0.08/turn

%: guardian spirit
@: flying
A: fangs 2, magic shield, antimagic bite, no potion heal 2
a: no special abilities


You were on level 4 of the Dungeon.
You visited 1 branch of the dungeon, and saw 3 of its levels.

You collected 11 gold pieces.

Inventory:

Missiles
 h - 6 boomerangs
Armour
 a - a +0 leather armour (worn)
Jewellery
 g - a +6 ring of intelligence
 k - a ring of flight (left hand)
Wands
 f - a wand of digging (3)
Scrolls
 b - a scroll of fog
 c - a scroll of revelation
 d - a scroll of fear
 i - a scroll of teleportation {unknown}
 j - a scroll of summoning {unknown}
Potions
 e - a potion of haste


   Skills:
 + Level 2.9 Fighting
 + Level 0.7 Throwing
 - Level 1.5 Dodging
 - Level 6.0 Stealth
 + Level 2.3 Unarmed Combat


You had one spell level left.
You didn't know any spells.
Your spell library was empty.

Dungeon Overview and Level Annotations

Branches:
Dungeon (6/15)
 Temple: D:4-7

Altars:
Dithmenos

Annotations:
D:6 Blork the orc


Innate Abilities, Weirdness & Mutations

You have extremely sharp teeth.
When hurt, damage is shared between your health and your magic reserves.
Your bite disrupts and absorbs the magic of your enemies.
Potions cannot restore your health.


Message History

A mysterious force pulls you upwards. The hatch slams shut behind you.
Found a shadowy altar of Dithmenos.
Found a stone staircase leading up.
Found a scratched coral ring.
The iguana hisses angrily.
The quokka bites you but does no damage.
You hit the quokka. Your bite misses the quokka.
The quokka is lightly wounded.
The quokka closely misses you.
You closely miss the quokka.
The quokka is lightly wounded.
The quokka twitches its whiskers.
The quokka bites you but does no damage.
You hit the quokka but do no damage. You bite the quokka. You drain its power.
The quokka is heavily wounded.
The quokka closely misses you.
You hit the quokka but do no damage. You bite the quokka, but do no damage.
The quokka is heavily wounded.
The quokka barely misses you.
You hit the quokka.
You kill the quokka!
No reachable target in view!
k - a ring of flight You fly up into the air.
k - a ring of flight (left hand)
The iguana barely misses you.
You hit the iguana but do no damage. The iguana bites you.
You are too injured to fight recklessly!
You are too injured to fight recklessly!
You are too injured to fight recklessly!
You are too injured to fight recklessly!
You barely miss the iguana. You bite the iguana. You drain its power.
You feel invigorated.
The iguana is lightly wounded.
The iguana bites you!
* * * LOW HITPOINT WARNING * * *
You hit the iguana but do no damage.
The iguana is lightly wounded.
The iguana bites you!
Ouch! That really hurt!
You die...

.# .# .# . .# .
.# #. .#
####.##### ##.##
.§§......# #>..#
§§≈≈§§≈@.##.#.#.#
.§§...l≈......#
.#####.≈.##.###
.....#.§.#...#
.#._.#.§...# .#
.#.....≈.### #
.#####.≈.##
.......≈..#
≈≈≈≈≈§≈..#


You could see an iguana.

Vanquished Creatures
  An adder (D:5)
  A quokka (D:4)
2 creatures vanquished.

Notes
Turn   | Place    | Note
-------+----------+-------------------------------------------
     0 | D:5      | GordonOverkill the Vine Stalker Delver began the quest for
                  | the Orb.
     0 | D:5      | Reached XP level 1. HP: 11/11 MP: 2/2
    65 | D:6      | Noticed Blork the orc
    65 | D:6      | Noticed a phantom
    65 | D:6      | Noticed a sky beast
    76 | D:5      | Reached XP level 2. HP: 16/16 MP: 3/3
    96 | D:4      | Found a shadowy altar of Dithmenos.
   118 | D:4      | Slain by an iguana

Illustrated notes

Levels and vault maps discovered:
D:4:      nicolae_cairo_tiling_large_dashed, layout_loops_ring,
          lemuel_doored_altar, nemelex_diamond_rough_becter,
          mainiacjoe_overflow_brackets, minmay_between
D:5:      layout_cave_pools, mainiacjoe_overflow_boulevard,
          kennysheep_mini_moat, kiku_gazebo_pond_becter, hex_medium,
          amethyst_killhole
D:6:      layout_loops_ring, minitemple, uniq_blork_the_orc

Action                     || total
---------------------------++-------
  Melee: Unarmed           ||    10
         Bite              ||     4
   Stab: Sleeping          ||     1
 Armour: Leather armour    ||     4
  Dodge: Dodged            ||     4

Table legend: (Time is in decaauts)
 A = Elapsed time spent in this place.
 B = Non-inter-level travel time spent in this place.
 C = Inter-level travel time spent in this place.
 D = Time resting spent in this place.
 E = Time spent auto-exploring this place.
 F = Levels seen in this place.
 G = Mean time per level.
                   A        B        C        D        E       F      G
               +--------+--------+--------+--------+--------+-----+--------+
         Total |    117 |    117 |      0 |      0 |      0 |   3 |   39.0 |
       Dungeon |    117 |    117 |      0 |      0 |      0 |   3 |   39.0 |
               +--------+--------+--------+--------+--------+-----+--------+

Top non-repeatable levels by time:
     D:5: 70 daAuts
     D:4: 24 daAuts
     D:6: 22 daAuts
